AoeStats
← vikman85

Arena

510396151Analyzed
2v2 RM · 1d ago on Sep 30, 2026· 42m 32s· 4 players
Game mode
Random Map
Map size
Medium (4 player)
Population
200
Speed
Normal
Resources
Standard
Victory
Conquest
Starting age
Dark Age
Ending age
Imperial Age
RankedLock teamsTeams togetherTeam positionsShared explorationLock speedFull tech treeHidden civsTurbo modeCheats
Victory
Defeat
🇪🇸 Varangians · Spain
1267
+15
🇪🇸 Danes · Spain
1222
+17
🇸🇰 Britons · Slovakia
1291
-17
🇮🇹 Teutons · Italy
1209
-15
DK_rudyairlines
6:01 Loom
8:29 Feudal Age
10:24 Fletching
16:39 Double-Bit Axe
18:39 Arson
25:20 Castle Age
24:32 Horse Collar
25:29 Pikeman
35:47 Bodkin Arrow
36:09 Bow Saw
36:07 Heavy Plow
39:30 Imperial Age
37:29 Scale Mail Armor
37:39 Forging
37:35 Gold Mining
37:26 Hamask
38:18 Stone Mining
41:35 Wheelbarrow
40:46 Town Watch
41:25 Bracer
41:41 Chain Mail Armor
43:25 Ballistics
44:05 Chemistry
43:39 Plate Mail Armor
43:45 Iron Casting
vikman85
11:05 Feudal Age
14:54 Castle Age
13:39 Bloodlines
14:35 Scale Barding Armor
15:33 Double-Bit Axe
15:41 Gold Mining
21:45 Wheelbarrow
20:53 Horse Collar
21:21 Husbandry
22:54 Chain Barding Armor
23:08 Loom
24:16 Hand Cart
27:30 Bow Saw
27:21 Heavy Plow
27:42 Stone Mining
30:32 Imperial Age
29:44 Forging
30:37 Cavalier
32:45 Plate Barding Armor
34:29 Light Cavalry
36:57 Conscription
Herbert Prohaska
5:00 Loom
11:23 Feudal Age
13:37 Loom
16:40 Castle Age
15:37 Stone Mining
16:02 Scale Barding Armor
16:53 Forging
17:36 Bloodlines
28:52 Horse Collar
29:30 Gold Mining
31:15 Heavy Plow
34:45 Imperial Age
34:42 Wheelbarrow
35:07 Pikeman
35:47 Squires
36:26 Iron Casting
35:52 Scale Mail Armor
35:26 Cavalier
38:08 Chemistry
37:28 Ballistics
37:06 Fletching
38:20 Halberdier
39:03 Scale Mail Armor
40:05 Blast Furnace
40:31 Stone Shaft Mining
40:00 Bodkin Arrow
40:24 Chain Mail Armor
ajja13849
9:58 Feudal Age
10:57 Double-Bit Axe
11:46 Fletching
13:24 Loom
13:50 Stone Mining
23:41 Castle Age
22:18 Gold Mining
22:19 Horse Collar
24:34 Bodkin Arrow
27:29 Wheelbarrow
29:38 Padded Archer Armor
30:17 Gold Shaft Mining
32:59 Ballistics
32:56 Leather Archer Armor
37:29 Imperial Age
36:10 Masonry
36:14 Bow Saw
36:19 Scale Mail Armor
36:30 Forging
37:00 Pikeman
38:14 Squires
41:25 Halberdier
Connection lost

Rejoining the realm…

Still unreachable

The connection could not be restored.

Session expired

The server has moved on; the page needs a fresh start.